 Dungeon Crawl Stone Soup version 0.24.0-1-gfbc8707 (webtiles) character file.

Game seed: 16035612093136453116, levelgen mode: deterministic

71 Minkie the Sneak (level 4, -2/30 HPs)
             Began as a Vampire Enchanter on Nov 10, 2019.
             Slain by Natasha (10 damage)
             ... on level 2 of the Dungeon.
             The game lasted 00:07:46 (1683 turns).

Minkie the Sneak (Vampire Enchanter)                Turns: 1683, Time: 00:07:47

Health: -2/30      AC:  2    Str:  7    XL:     4   Next: 5%
Magic:  3/7        EV: 13    Int: 20    God:
Gold:   24         SH:  0    Dex: 15    Spells: 5/8 levels left

rFire    . . .     SeeInvis +   a - +1 dagger
rCold    . . .     Gourm    .   (no shield)
rNeg     . . .     Faith    .   b - +0 robe
rPois    .         Spirit   .   (no helmet)
rElec    .         Reflect  .   (no cloak)
rCorr    .         Harm     .   (no gloves)
MR       .....                  (no boots)
Stlth    +++.......             (no amulet)
HPRegen  0.30/turn              e - +3 ring of intelligence
MPRegen  0.10/turn              (no ring)

@: regenerating quickly
A: no food, fangs 3, see invisible, unbreathing
a: Exsanguinate


You were on level 2 of the Dungeon.
You were alive.

You visited 1 branch of the dungeon, and saw 3 of its levels.

You collected 24 gold pieces.

Inventory:

Hand Weapons
 a - a +1 dagger (weapon)
Armour
 b - a +0 robe (worn)
Jewellery
 e - a +3 ring of intelligence (left hand)
Scrolls
 c - 2 scrolls of remove curse {unknown}
 h - 3 scrolls of identify {unknown}
Potions
 d - a potion of flight {unknown}
 f - a potion of agility {unknown}
 g - a potion of haste {unknown}


   Skills:
 + Level 2.1 Short Blades
 + Level 2.9 Dodging
 + Level 5.2 Stealth
 + Level 2.5 Spellcasting
 + Level 5.1 Hexes


You had 5 spell levels left.
You knew the following spells:

 Your Spells              Type           Power        Failure   Level  Hunger
a - Corona                Hex            ###....      1%          1    N/A
b - Ensorcelled Hibernat  Hex/Ice        ##....       8%          2    N/A

Your spell library contained the following spells:

 Spells                   Type           Power        Failure   Level  Hunger
 Confuse                  Hex            ###.....     5%          3    N/A
 Tukima's Dance           Hex            ###.....     5%          3    N/A
 Dazzling Spray           Conj/Hex       ##....       16%         3    N/A

Dungeon Overview and Level Annotations

Branches:
Dungeon (3/15)

Altars:
The Shining One

Annotations:
D:2 Natasha
D:3 Grinder


Innate Abilities, Weirdness & Mutations

You do not eat.
Your natural rate of healing is unusually fast.
You have razor-sharp teeth.
You have supernaturally acute eyesight. (SInv)
You can survive without breathing.


Message History

Grinder blinks!
The orc misses you. Natasha claws you but does no damage.
The adder closely misses you.
You climb upwards.
There is a stone staircase leading down here.
Casting: Ensorcelled Hibernation (safe; 8% risk of failure)
Confirm with . or Enter, or press ? or * to list all spells.
Aiming: Ensorcelled Hibernation (safe; 8% risk of failure)
Press: ? - help, Shift-Dir - straight line, f - Natasha
Aim: Natasha, carrying a wand of random effects (19) (chance to defeat MR: 43%) Natasha resists with some effort.
Natasha closely misses you. The orc hits you with a +0 club.
* * * LOW HITPOINT WARNING * * *
Unknown command.
Casting: Ensorcelled Hibernation (safe; 8% risk of failure)
Confirm with . or Enter, or press ? or * to list all spells.
Aiming: Ensorcelled Hibernation (safe; 8% risk of failure)
Press: ? - help, Shift-Dir - straight line, f/p - Natasha
Aim: Natasha, carrying a wand of random effects (19) (chance to defeat MR: 43%) Natasha resists with some effort.
Natasha claws you!
You die...

..†.......##..........##.# #.
#######.#......#########.# #.
#######.#......# #.# ##
........#......# #.#
........####...## #.# ........#
#.#..# #.### ........# #.#..#
#...# ........# #.##.##########.#
........####+##.@h.........#
........#......o..##########
........#.........#
........#.........#
........####'######
........####.####################
.................................
.......#####.####################
######.#####.#


You could see Natasha and an orc.

Vanquished Creatures
  An adder (D:2)
  An ooze (D:1)
  A worm (D:2)
  A dart slug (D:1)
  3 giant cockroaches
  5 goblins (D:1)
  6 hobgoblins
  7 jackals (D:1)
  8 kobolds
  2 ball pythons (D:2)
  5 bats
  5 frilled lizards
  6 rats
51 creatures vanquished.

Vanquished Creatures (others)
  An adder (D:3)
  A bat (D:3)
2 creatures vanquished.

Grand Total: 53 creatures vanquished

Notes
Turn   | Place    | Note
-------+----------+-------------------------------------------
     0 | D:1      | Minkie the Vampire Enchanter began the quest for the Orb.
     0 | D:1      | Reached XP level 1. HP: 13/13 MP: 3/3
     2 | D:1      | Noticed a spriggan
     2 | D:1      | Noticed an octopode
     4 | D:1      | Noticed a human
     4 | D:1      | Noticed a centaur
     6 | D:1      | Noticed a minotaur
     8 | D:1      | Noticed an elf
     8 | D:1      | Noticed a tengu
    10 | D:1      | Noticed a vine stalker
    12 | D:1      | Noticed a demonspawn
    14 | D:1      | Noticed a draconian
    14 | D:1      | Noticed a formicid
    16 | D:1      | Noticed a naga
    18 | D:1      | Noticed a dwarf
    18 | D:1      | Noticed a halfling
    20 | D:1      | Noticed a gargoyle
    20 | D:1      | Noticed a felid
    22 | D:1      | Noticed an ogre
    22 | D:1      | Noticed a merfolk
    24 | D:1      | Noticed a troll
    24 | D:1      | Noticed a ghoul
    26 | D:1      | Noticed a demigod
    26 | D:1      | Noticed a vampire
   104 | D:1      | Reached XP level 2. HP: 5/19 MP: 5/5
   176 | D:1      | Learned a level 2 spell: Ensorcelled Hibernation
   401 | D:1      | Reached XP level 3. HP: 15/24 MP: 3/6
   745 | D:1      | Reached skill level 5 in Hexes
   818 | D:2      | Found a glowing golden altar of the Shining One.
   879 | D:2      | Reached skill level 5 in Stealth
  1365 | D:2      | Reached XP level 4. HP: 30/30 MP: 7/7
  1614 | D:3      | Noticed Grinder
  1620 | D:3      | Paralysed by Grinder for 5 turns
  1632 | D:3      | Paralysed by Grinder for 5 turns
  1649 | D:3      | Paralysed by Grinder for 2 turns
  1658 | D:3      | Paralysed by Grinder for 5 turns
  1674 | D:3      | Noticed Natasha
  1683 | D:2      | Slain by Natasha

Levels and vault maps discovered:
D:1:      kb_arrival_jail, layout_rooms, minivault_4, minmay_close_crescents
D:2:      layout_basic, tso_metal_star
D:3:      layout_loops_ring, fiery_altar_vehumet, st_stairs_10,
          nicolae_ru_awakened_eye, uniq_sigmund, uniq_grinder, uniq_natasha

Skill      XL: |  1  2  3 |
---------------+----------+-----
Hexes          | 5 |  5.1
Stealth        | 5 |  5.2
Short Blades   | 2 |  2.1
Dodging        | |  2.9
Spellcasting   | |  2.5

Action                   |  1- 3 |  4- 6 || total
-------------------------+-------+-------++-------
Melee: Dagger            |   165 |     9 ||   174
       Bite              |     4 |     2 ||     6
 Cast: Ensorcelled Hiber |     4 |     3 ||     7
 Stab: Sleeping          |    20 |     2 ||    22
Armor: Robe              |    29 |     3 ||    32
Dodge: Dodged            |    94 |     7 ||   101
